 Dungeon Crawl Stone Soup version 0.25.0-8-gfd19cd77bd (webtiles) character file.

Game seed: 5402818617082537630

18 Trinsec the Chopper (level 2, 0/26 HPs)
             Began as a Hill Orc Warper on June 16, 2020.
             Was an Initiate of Nemelex Xobeh.
             Slain by a bullfrog (7 damage)
             ... on level 2 of the Dungeon.
             The game lasted 00:06:43 (1325 turns).

Trinsec the Chopper (Hill Orc Warper)               Turns: 1325, Time: 00:06:44

Health: 0/26       AC:  3    Str: 13    XL:     2   Next: 70%
Magic:  4/4        EV: 11    Int: 13    God:    Nemelex Xobeh [......]
Gold:   69         SH:  0    Dex: 10    Spells: 4/4 levels left

rFire    . . .     SeeInvis .   a - +0 hand axe
rCold    . . .     Gourm    .   (no shield)
rNeg     . . .     Faith    .   b - +0 leather armour
rPois    .         Spirit   .   (no helmet)
rElec    .         Reflect  .   (no cloak)
rCorr    .         Harm     .   (no gloves)
MR       .....                  (no boots)
Stlth    +.........             (no amulet)
HPRegen  0.08/turn              (no ring)
MPRegen  0.09/turn              (no ring)

@: no status effects
A: no striking features
a: Draw Escape, Draw Destruction, Draw Summoning, Renounce Religion


You were on level 2 of the Dungeon.
You worshipped Nemelex Xobeh.
Nemelex Xobeh was noncommittal.
You were not hungry.

You visited 1 branch of the dungeon, and saw 2 of its levels.

You collected 69 gold pieces.

Inventory:

Hand Weapons
 a - a +0 hand axe (weapon)
 n - a +1 vampiric short sword
 p - a +0 hand axe
Missiles
 t - 56 stones (quivered)
Armour
 b - a +0 leather armour (worn)
 e - a scarf of repulsion
 j - a +0 leather armour
 m - a +0 ring mail
Jewellery
 i - a cursed ring of attention {unknown}
Scrolls
 d - a scroll of blinking
 h - a scroll of enchant armour {unknown}
 k - a scroll of amnesia {unknown}
 l - a scroll of magic mapping {unknown}
 s - a scroll of identify {unknown}
Potions
 c - a potion of mutation {unknown}
 g - a potion of heal wounds {unknown}
 o - a potion of curing {unknown}
 q - a potion of lignification {unknown}
 r - a potion of haste {unknown}
Comestibles
 f - a ration


   Skills:
 + Level 3.1 Fighting
 + Level 3.2 Axes
 * Level 0.8 Throwing
 + Level 1.2 Armour
 + Level 1.7 Dodging
 + Level 1.7 Spellcasting
   Level 2.4 Translocations


You had 4 spell levels left.
You didn't know any spells.
Your spell library contained the following spells:

 Spells                   Type           Power        Failure   Level  Hunger
 Blink                    Tloc           N/A          19%         2    ###....
 Shroud of Golubria       Chrm/Tloc      #.....       30%         2    ###....
 Gell's Gravitas          Tloc           #.........   36%         3    ####...
 Lesser Beckoning         Tloc           #.........   36%         3    ####...
 Teleport Other           Tloc           #.......     36%         3    ####...
 Passage of Golubria      Tloc           N/A          77%         4    #####..


Dungeon Overview and Level Annotations

Branches:
Dungeon (2/15)

Altars:
Nemelex Xobeh


Message History

The rat completely misses you. The bullfrog completely misses you.
The rat barely misses you.
Found 5 silver javelins.
The bullfrog misses you.
You hit the bullfrog.
The bullfrog is moderately wounded.
The bullfrog barely misses you. The bullfrog hits you.
You closely miss the bullfrog.
The bullfrog is moderately wounded.
The bullfrog hits you.
You barely miss the bullfrog.
The bullfrog is moderately wounded.
The bullfrog closely misses you. The bullfrog hits you.
* * * LOW HITPOINT WARNING * * *
You hit the bullfrog.
The bullfrog is heavily wounded.
The bullfrog hits you but does no damage.
The bullfrog hits you!
You die...
Your body disappears without a glow.

#.......#
#..[....+
.......####
((.......
......#
#..(..##.#
#.#......#
#@Fr.[#
#####.# ..
... ... .(
.


You could see a bullfrog and a rat.

Vanquished Creatures
  A leopard gecko (D:1)
  3 giant cockroaches (D:1)
  2 hobgoblins (D:1)
  2 bats (D:1)
  5 frilled lizards (D:1)
  4 kobolds (D:1)
  A rat (D:1)
18 creatures vanquished.

Notes
Turn   | Place    | Note
-------+----------+-------------------------------------------
     0 | D:1      | Trinsec the Hill Orc Warper began the quest for the Orb.
     0 | D:1      | Reached XP level 1. HP: 18/18 MP: 3/3
   534 | D:1      | Reached XP level 2. HP: 25/25 MP: 4/4
   536 | D:1      | Found a sparkling altar of Nemelex Xobeh.
   540 | D:1      | Became a worshipper of Nemelex Xobeh the Trickster
   554 | D:1      | Received a gift from Nemelex Xobeh
  1306 | D:2      | Noticed a bullfrog
  1325 | D:2      | Slain by a bullfrog

Illustrated notes

Levels and vault maps discovered:
D:1:      dpeg_arrival_circle_labyrinth_b, layout_basic,
          nemelex_diamond_rough_becter
D:2:      layout_basic

Skill      XL: |  1  2 |
---------------+-------+-----
Axes           | 3 |  3.2
Fighting       | 3 |  3.1
Throwing       | |  0.8
Armour         | |  1.2
Dodging        | |  1.7
Spellcasting   | |  1.7
Translocations | |  2.4

Action                   || total
-------------------------++-------
Melee: Hand axe          ||    63
Throw: Boomerang         ||     5
       Stone             ||     3
  Use: Scroll            ||     1
  Eat: Ration            ||     1
Armor: Leather armour    ||    17
Dodge: Dodged            ||    38
